 Dungeon Crawl Stone Soup version 0.31.0 (webtiles) character file.

Game seed: 16677007217812314046

52 qw the Shooter (level 3, 0/23 HPs)
             Began as a Gargoyle Hunter on Jan 19, 2024.
             Slain by a hobgoblin (2 damage)
             ... led by Robin
             ... on level 2 of the Dungeon.
             The game lasted 00:00:04 (1106 turns).

qw the Shooter (Gargoyle Hunter)                    Turns: 1106, Time: 00:00:04

Health: 0/23       AC:  7    Str: 14    XL:     3   Next: 85%
Magic:  3/3        EV: 11    Int:  9    God:
Gold:   23         SH:  0    Dex: 15    Spells: 2/2 levels left

rFire   . . .        a - +0 shortbow
rCold   . . .        (shield currently unavailable)
rNeg    + . .        c - +0 leather armour
rPois   inf          (no helmet)
rElec   +            d - +0 cloak
rCorr   .            (no gloves)
SInv    .            (no boots)
Will    .....        (no amulet)
Stlth   ++           (no ring)
HPRegen 0.23/turn    (no ring)
MPRegen 0.08/turn

%: no passive effects
@: no status effects
A: sickness immunity, AC +3, negative energy resistance 1, electricity
resistance, torment resistance 1, petrification resistance
a: no special abilities


You were on level 2 of the Dungeon.
You visited 1 branch of the dungeon, and saw 2 of its levels.

You collected 23 gold pieces.


Innate Abilities, Weirdness & Mutations

You are immune to sickness and miasma.
Your stone body is resilient. (AC +3)
You are immune to poison.
You resist negative energy. (rN+)
You are resistant to electric shocks. (rElec)
You are resistant to unholy torment.
You are immune to petrification.


   Skills:
 - Level 3.0 Fighting
 + Level 5.0 Ranged Weapons
 - Level 1.5 Dodging
 - Level 1.1 Stealth


You had 2 spell levels left.
You didn't know any spells.
Your spell library was empty.

Inventory:

Hand Weapons
 a - a +0 shortbow (weapon)
Armour
 c - a +0 leather armour (worn)
 d - a +0 cloak (worn)
Potions
 e - a potion of curing

Dungeon Overview and Level Annotations

Branches:
Dungeon (2/15)

Altars:

Annotations:
D:2 Robin


Message History

You hear a shout! x2
A bat comes into view.
Robin throws the goblin at you! The goblin closely misses you.
A hobgoblin comes into view.
You shoot an arrow. The arrow hits the goblin.
The goblin is severely wounded.
Robin roars a battlecry!
The goblins go into a battle-frenzy!
A goblin comes into view. It is wielding a +0 club.
The goblin barely misses you.
You shoot an arrow. The arrow closely misses the goblin.
Robin throws the goblin at you!
A goblin comes into view. It is wielding a +0 dagger.
The goblin barely misses you. x2
You shoot an arrow. The arrow barely misses the goblin.
The bat barely misses you. The goblin hits you but does no damage.
A goblin comes into view. It is wielding a +0 dagger.
The goblin barely misses you. Robin throws the goblin at you!
The goblin hits you but does no damage. The goblin closely misses you.
The goblin hits you but does no damage.
You shoot an arrow. The arrow hits the goblin!
You kill the goblin!
A giant cockroach comes into view.
A hobgoblin comes into view.
The goblin hits you but does no damage.
The hobgoblin hits you but does no damage.
The goblin hits you but does no damage.
You shoot an arrow. The arrow closely misses the goblin.
Robin throws the goblin at you! The goblin barely misses you.
The goblin closely misses you. The hobgoblin hits you.
The goblin hits you with a +0 club.
You shoot an arrow. The arrow closely misses the goblin.
The goblin hits you but does no damage. The goblin barely misses you.
The hobgoblin hits you. The goblin hits you but does no damage.
You shoot an arrow. The arrow barely misses the goblin.
The goblin hits you with a +0 dagger. The goblin hits you but does no damage.
The hobgoblin barely misses you. The goblin hits you but does no damage.
You shoot an arrow. The arrow closely misses the goblin.
The goblin hits you with a +0 dagger. The goblin closely misses you.
The hobgoblin hits you.
You die...

#(......#####.........
..####......<.######.#
#)######## #......# #
#.####.# ... #.####.#
.... #...(..# #####.<
.....###.###..##ggB....
.........# #..g@gbgg...
.....##..###..##gg.g...
... #......## #####.. .
#.##.#.# #.......#
#..#>#..# #..#.#..#
#...:#..# ##.###..#


You could see Robin, a giant cockroach, 3 hobgoblins, 5 goblins and a bat.

Vanquished Creatures
  A ribbon worm (D:2)
  5 endoplasms
  3 giant cockroaches (D:1)
  4 goblins
  6 hobgoblins
  6 jackals (D:1)
  3 kobolds (D:1)
  3 quokkas
  3 ball pythons (D:1)
  A bat (D:1)
  3 frilled lizards
  3 rats (D:1)
41 creatures vanquished.

Notes
Turn   | Place    | Note
-------+----------+-------------------------------------------
     0 | D:1      | qw the Gargoyle Hunter began the quest for the Orb.
     0 | D:1      | Reached XP level 1. HP: 12/12 MP: 1/1
     0 | D:1      | 0 ||| qw: Version: 0.3-a-132-g3d54051
     0 | D:1      | 0 ||| qw: Game counter: 333
     0 | D:1      | 0 ||| qw: Melee chars always use a shield: true
     0 | D:1      | 0 ||| qw: God list: Okawaru
     0 | D:1      | 0 ||| qw: Allow faded altars: false
     0 | D:1      | 0 ||| qw: Do Orc after clearing Dungeon:15 true
     0 | D:1      | 0 ||| qw: Do second Lair branch before Depths: true
     0 | D:1      | 0 ||| qw: Lair rune preference: random
     0 | D:1      | 0 ||| qw: Goals: Normal
     0 | D:1      | 0 ||| PLANNING D:1-11
   185 | D:1      | Reached XP level 2. HP: 17/17 MP: 2/2
   421 | D:1      | 421 ||| UPGRADING to +0 cloak.
   426 | D:1      | 426 ||| READING scroll labelled QANACU ONKOVYO.
   427 | D:1      | 427 ||| DROPPING scroll of butterflies.
   442 | D:1      | Reached XP level 3. HP: 21/21 MP: 3/3
   449 | D:1      | Reached skill level 5 in Ranged Weapons
   851 | D:1      | 851 ||| READING scroll of identify.
   851 | D:1      | 851 ||| IDENTIFYING sedimented yellow potion
   852 | D:1      | 852 ||| READING scroll labelled BAGALUT MOCEING.
   955 | D:2      | 955 ||| FLEEEEING.
  1095 | D:2      | Reached skill level 3 in Fighting
  1097 | D:2      | Noticed Robin
  1105 | D:2      | HP: 2/23 [goblin/+0 dagger[Robin] (4)]
  1106 | D:2      | Slain by a hobgoblin

Levels and vault maps discovered:
D:1:      dpeg_arrival_connections, layout_rooms, serial_co_window_serial,
          co_window_cross_1, co_window_paths_a, co_window_paths_a,
          co_window_corner_a, co_window_corner_a, co_window_of_opportunity_a,
          co_window_corner_a, co_window_of_opportunity_a, co_window_corner_a,
          co_window_broadway_a, co_window_unsneaky_path_a,
          co_window_unsneaky_path_a, co_window_broadway_a, co_window_corner_b,
          glass_columns_a, glass_columns_a
D:2:      layout_loops_cross, uniq_robin, uniq_sigmund

Skill      XL: |  1  2  3 |
---------------+----------+-----
Ranged Weapons | 5 |  5.0
Fighting       | 3 |  3.0
Dodging        | |  1.5
Stealth        | |  1.1

Action                     || total
---------------------------++-------
   Fire: Shortbow          ||   129
    Use: Scroll            ||     3
 Armour: Leather armour    ||    58
  Dodge: Dodged            ||    55

Table legend:
 A = Non-vault XP
 B = Vault XP
 C = Vault XP percentage of total XP
 D = Non-vault monster count
 E = Vault monster count
 F = Vault count percentage of total count
                 A         B        C        D         E       F
            +---------+---------+-------+---------+---------+-------
      Total |      67 |       8 |  10.7 |      37 |       4 |   9.8
            +---------+---------+-------+---------+---------+-------
        D:1 |      53 |       0 |   0.0 |      31 |       0 |   0.0
        D:2 |      14 |       8 |  36.4 |       6 |       4 |  40.0
            +---------+---------+-------+---------+---------+-------
